 Dungeon Crawl Stone Soup version 0.28-a0-895-g6e5f11bd55 (webtiles) character file.

Game seed: 12139023326248711975

591 vineage the Fighter (level 7, -1/62 HPs)
             Began as a Demonspawn Gladiator on Nov 22, 2021.
             Was an Initiate of Okawaru.
             Slain by a wyvern (14 damage)
             ... on level 5 of the Dungeon.
             The game lasted 00:04:38 (4309 turns).

vineage the Fighter (Demonspawn Gladiator)          Turns: 4309, Time: 00:04:39

Health: -1/62      AC: 12    Str: 16    XL:     7   Next: 16%
Magic:  7/7        EV:  7    Int: 10    God:    Okawaru [......]
Gold:   102        SH:  0    Dex: 14    Spells: 6/6 levels left

rFire   . . .      SeeInvis .   k - +4 mace
rCold   . . .      Faith    .   (no shield)
rNeg    . . .      Spirit   .   j - +3 chain mail {rPois}
rPois   +          Reflect  .   c - +0 helmet
rElec   .          Harm     .   (no cloak)
rCorr   .          Rampage  .   (no gloves)
Will    .....                   (no boots)
Stlth   ..........              (no amulet)
HPRegen 0.20/turn               (no ring)
MPRegen 0.10/turn               (no ring)

@: flying
A: foul stench 1, demonic magic 1, demonic touch 2
a: Renounce Religion


You were on level 5 of the Dungeon.
You worshipped Okawaru.
Okawaru was noncommittal.
You visited 2 branches of the dungeon, and saw 6 of its levels.

You collected 102 gold pieces.

Inventory:

Hand Weapons
 a - a +0 long sword
 b - a +1 morningstar
 k - a +4 mace (weapon)
Missiles
 d - 3 throwing nets (quivered)
Armour
 c - a +0 helmet (worn)
 f - a +0 cloak
 j - a +3 chain mail of poison resistance (worn)
Wands
 m - a wand of polymorph (17)
Scrolls
 n - 4 scrolls of identify
Potions
 e - a potion of flight
 g - 2 potions of attraction
 h - a potion of curing {unknown}
 l - a potion of ambrosia {unknown}


   Skills:
 + Level 8.0 Fighting
 - Level 2.6 Long Blades
 - Level 1.7 Throwing
 - Level 2.6 Dodging


You had 6 spell levels left.
You didn't know any spells.
Your spell library contained the following spells:

 Spells                   Type           Power      Damage    Failure   Level
 Summon Small Mammal      Summ           Unusable   N/A       N/A         1
 Call Canine Familiar     Summ           Unusable   N/A       N/A         3
 Summon Guardian Golem    Hex/Summ       Unusable   N/A       N/A         3

Dungeon Overview and Level Annotations

Branches:
Dungeon (5/15)             Temple (1/1) D:4

Altars:
Fedhas
Hepliaklqana
Makhleb
Okawaru
Ru
Vehumet
Wu Jian
Xom
Yredelemnul
Zin
The Shining One


Innate Abilities, Weirdness & Mutations

You may rarely emit foul miasma when damaged in melee.
Spells you cast may paralyse adjacent enemies.
Your touch may inflict irresistible damage on your foes.


Message History

You hit the ogre but do no damage. Your touch misses the ogre.
The ogre is almost dead.
The howler monkey barely misses you.
The ogre hits you with a +0 giant spiked club!
The iguana closely misses you.
The howler monkey hits you but does no damage.
The howler monkey hoots and howls with incredible vigour!
You hear an angry hiss.
You hear a shout! x6
Things that are here:
a +0 club; an orc corpse You sock the ogre!
You kill the ogre!
Okawaru is honoured by your kill.
The iguana bites you but does no damage.
Your Fighting skill increases to level 8!
You have reached level 7!
Your demonic ancestry asserts itself...
You begin to emit a foul stench of rot and decay.
The howler monkey hoots and howls with incredible vigour!
You hear a shout! x3
There is a fountain of clear blue water here.
A wyvern comes into view.
The wyvern hisses angrily.
The howler monkey hoots and howls with incredible vigour!
You hear a shout! x3
The howler monkey hoots and howls with incredible vigour!
An orc priest comes into view. It is wielding a +0 dagger of speed.
As you read the scroll labelled GYHOSOOLUO, it crumbles to dust.
You assume a fearsome visage.
The iguana looks frightened!
The orc priest looks frightened!
It was a scroll of fear.
You hear the slow rusting of a very distant drain.
An orc comes into view. It is wielding a +0 club.
An orc comes into view. It is wielding a +1 vorpal flail.
Okay, then.
You feel very buoyant.
You fly up into the air.
The wyvern bites you!
* * * LOW HITPOINT WARNING * * *
An orc wizard comes into view. It is wielding a +0 dagger.
The wyvern bites you!
You die...

.o.. ... #.. #.o #.#o
#.#.# . .#.. #.#o# .
.)..## #.#@# .8
#...#####.#l# ...
.........#.# ##.#
###.###...#o#
#...##⌠...⌠#.#.#.#
.....#.....#.l...#
#..)).⌠..h.#l### #
.....#)....#.#.####...#
#...##⌠...⌠#l..<......#


You could see a wyvern, an orc priest (fleeing), an orc wizard and 2 orcs.

Vanquished Creatures
  A black bear (D:5)
  An ogre (D:5)
  A phantom (D:4)
  A bullfrog zombie (D:3)
  Crazy Yiuf (D:3)
  2 jellies (D:4)
  A bullfrog skeleton (D:4)
  An iguana (D:4)
  4 gnolls (D:3)
  6 adders
  2 adder skeletons (D:4)
  2 worms (D:2)
  4 dart slugs
  5 orcs
  5 ball pythons
  7 endoplasms
  2 giant cockroaches
  4 hobgoblins
  2 jackals (D:4)
  7 kobolds
  A quokka (D:1)
  3 bats
  5 frilled lizards
  5 goblins
  6 rats
79 creatures vanquished.

Vanquished Creatures (others)
  A ball python (D:3)
  3 fungi (D:3)
4 creatures vanquished.

Grand Total: 83 creatures vanquished

Notes
Turn   | Place    | Note
-------+----------+-------------------------------------------
     0 | D:1      | vineage the Demonspawn Gladiator began the quest for the
                  | Orb.
     0 | D:1      | Reached XP level 1. HP: 16/16 MP: 1/1
   244 | D:1      | Found a faded altar of an unknown god.
   256 | D:1      | Discovered your monstrous ancestry.
   256 | D:1      | Gained mutation: Your touch may inflict minor irresistible
                  | damage on your foes. [demonic ancestry]
   256 | D:1      | Reached XP level 2. HP: 22/23 MP: 2/2
   396 | D:1      | Reached skill level 3 in Fighting
   916 | D:2      | Reached XP level 3. HP: 14/29 MP: 3/3
  1498 | D:2      | Reached skill level 4 in Fighting
  1902 | D:3      | Reached XP level 4. HP: 38/38 MP: 4/4
  2559 | D:3      | Reached skill level 5 in Fighting
  2640 | D:3      | Found a basalt altar of Yredelemnul.
  2647 | D:3      | Noticed an angel
  2654 | D:3      | Noticed a profane servitor
  2691 | D:3      | Gained mutation: Spells you cast may paralyse adjacent
                  | enemies. [demonic ancestry]
  2691 | D:3      | Reached XP level 5. HP: 35/44 MP: 5/5
  2766 | D:3      | Found a runed translucent door.
  2767 | D:3      | Noticed Crazy Yiuf
  3170 | D:3      | Killed Crazy Yiuf
  3333 | D:4      | Reached skill level 6 in Fighting
  3629 | D:4      | Gained mutation: Your touch may inflict irresistible damage
                  | on your foes. [demonic ancestry]
  3629 | D:4      | Reached XP level 6. HP: 51/53 MP: 6/6
  3692 | D:4      | Reached skill level 7 in Fighting
  3782 | D:4      | Found a staircase to the Ecumenical Temple.
  3880 | Temple   | Entered the Ecumenical Temple
  3900 | Temple   | Became a worshipper of Warmaster Okawaru
  4261 | D:5      | Entered Level 5 of the Dungeon
  4294 | D:5      | Reached skill level 8 in Fighting
  4294 | D:5      | Gained mutation: You may rarely emit foul miasma when
                  | damaged in melee. [demonic ancestry]
  4294 | D:5      | Reached XP level 7. HP: 23/62 MP: 7/7
  4298 | D:5      | Noticed a wyvern
  4309 | D:5      | Slain by a wyvern

Illustrated notes

Levels and vault maps discovered:
D:1:      grunt_arrival_lava_bath, layout_loops_ring, basic_ecumenical_altar,
          roderic_serpentine_path
D:2:      layout_loops_ring
D:3:      layout_basic, grunt_temple_overflow_holy_war, uniq_crazy_yiuf_cottage
D:4:      layout_gridville, minmay_temple_entry_poolview, minmay_liquid_box
D:5:      layout_basic, lemuel_round_altar, gup_sewer_entry_bowl,
          minmay_chambers_of_fives, uniq_ijyb, uniq_edmund
Temple:   eino_wide_crystal_templ

Skill      XL: |  1  2  3  4  5  6 |
---------------+-------------------+-----
Fighting       | 3 4 5 6 8 |  8.0
Long Blades    | |  2.6
Throwing       | |  1.7
Dodging        | |  2.6

Action                   |  1- 3 |  4- 6 |  7- 9 || total
-------------------------+-------+-------+-------++-------
Melee: Long sword        |   101 |    68 |       ||   169
       Touch             |    12 |    30 |       ||    42
       Mace              |       |    75 |       ||    75
       Morningstar       |       |     5 |       ||     5
  Use: Scroll            |     4 |     3 |     1 ||     8
       Potion            |       |       |     1 ||     1
Armor: Leather armour    |    14 |       |       ||    14
       Chain mail        |    28 |   135 |       ||   163
Dodge: Dodged            |    51 |    72 |       ||   123

Table legend: (Time is in decaauts)
 A = Elapsed time spent in this place.
 B = Non-inter-level travel time spent in this place.
 C = Inter-level travel time spent in this place.
 D = Time resting spent in this place.
 E = Time spent auto-exploring this place.
 F = Levels seen in this place.
 G = Mean time per level.
                   A        B        C        D        E       F      G
               +--------+--------+--------+--------+--------+-----+--------+
         Total |   4388 |   4218 |    170 |    379 |   3170 |   6 |  731.3 |
       Dungeon |   4340 |   4196 |    144 |    379 |   3157 |   5 |  868.0 |
        Temple |     47 |     21 |     26 |      0 |     13 |   1 |   47.0 |
               +--------+--------+--------+--------+--------+-----+--------+

Top non-repeatable levels by time:
     D:2: 1255 daAuts
     D:3: 1136 daAuts
     D:4: 1050 daAuts
     D:1: 844 daAuts
     D:5: 53 daAuts
  Temple: 47 daAuts
